 Dungeon Crawl Stone Soup version 0.29.1-2-gbd0b4ee654 (webtiles) character file.

Game seed: 13732930724279583402

1746 GorkyZ the Chopper (level 9, -4/49 HPs)
             Began as a Gargoyle Fighter on Nov 23, 2022.
             Was an Initiate of Gozag.
             Slain by an acid dragon (10 damage)
             ... on level 6 of the Dungeon.
             The game lasted 00:17:51 (5402 turns).

GorkyZ the Chopper (Gargoyle Fighter)               Turns: 5402, Time: 00:17:52

Health: -4/49      AC:  5    Str: 24    XL:     9   Next: 6%
Magic:  9/9        EV:  7    Int:  9    God:    Gozag
Gold:   241        SH:  5    Dex:  9    Spells: 8/8 levels left

rFire   . . .      SeeInvis .   t - +3 hand axe
rCold   . . .      Faith    .   c - +0 buckler
rNeg    + . .      Spirit   .   u - +1 chain mail
rPois   ∞          Reflect  .   k - +0 hat
rElec   +          Harm     .   (no cloak)
rCorr   .          Rampage  .   (no gloves)
Will    .....                   (no boots)
Stlth   ..........              r - amulet of regeneration
HPRegen 1.76/turn               (no ring)
MPRegen 0.11/turn               (no ring)

@: corroded
A: sickness immunity, AC +6, negative energy resistance 1, electricity
resistance, torment resistance 1, petrification resistance, frail 1,
regeneration 1, screaming 1, wild magic 1
a: Renounce Religion, Potion Petition, Call Merchant, Bribe Branch


You were on level 6 of the Dungeon.
You worshipped Gozag.
Gozag was aware of your devotion.
You visited 1 branch of the dungeon, and saw 6 of its levels.
You also visited: Sewer.

You collected 414 gold pieces.
You spent 121 gold pieces at shops.
You paid 52 gold pieces to Gozag.

Inventory:

Hand Weapons
 a - a +0 war axe
 t - a +3 hand axe (weapon)
Missiles
 f - 25 poisoned darts (quivered)
 q - 3 throwing nets
 E - a curare-tipped dart
Armour
 b - a +0 scale mail
 c - a +0 buckler (worn)
 k - a +0 hat (worn)
 u - a +1 chain mail (worn)
Jewellery
 r - an amulet of regeneration (around neck)
Scrolls
 e - 2 scrolls of enchant armour
 g - 2 scrolls of blinking {unknown}
 h - 4 scrolls of poison
 i - a scroll of fear
 l - a scroll of identify
 w - a scroll of fog
 y - 3 scrolls of teleportation {unknown}
 A - 3 scrolls of enchant weapon {unknown}
 B - a scroll of magic mapping {unknown}
 C - a scroll of brand weapon {unknown}
Potions
 d - 3 potions of might
 j - a potion of mutation
 m - 5 potions of curing
 n - 2 potions of attraction
 o - 3 potions of degeneration {unknown}
 p - a potion of magic {unknown}
 s - a potion of cancellation {unknown}
 v - 2 potions of lignification {unknown}
 x - a potion of resistance {unknown}
 z - a potion of invisibility {unknown}
 D - 2 potions of flight {unknown}


   Skills:
 + Level 5.7 Fighting
 * Level 5.8 Axes
 + Level 3.7 Throwing
 + Level 5.6 Armour
 + Level 5.6 Shields
 + Level 3.6 Evocations


You had 8 spell levels left.
You didn't know any spells.
Your spell library was empty.

Dungeon Overview and Level Annotations

Branches:
Dungeon (6/15)              Sewer (visited)
 Temple: D:4-7

Altars:
Dithmenos
Elyvilon
Fedhas
Gozag
Kikubaaqudgha
Makhleb
Okawaru
Qazlal
Ru
Vehumet
Xom
Zin

Shops:
D:3 :*(   D:5 :   D:6 !![


Innate Abilities, Weirdness & Mutations

You are immune to sickness and miasma.
Your stone body is resilient. (AC +6)
You are immune to poison.
You resist negative energy. (rN+)
You are resistant to electric shocks. (rElec)
You are resistant to unholy torment.
You are immune to petrification.
You are frail. (-10% HP)
Your natural rate of healing is unusually fast.
You occasionally shout uncontrollably at your foes.
Your spells are a little harder to cast, but a little more powerful.


Message History

An acid dragon comes into view.
The acid dragon roars!
Found 8 gold pieces.
Found an escape hatch in the ceiling and an escape hatch in the floor.
You hear the hiss of an avalanche of sand very nearby.
The acid dragon bites you but does no damage.
The acid dragon claws you but does no damage.
There is an open door here.
You closely miss the acid dragon. The acid dragon bites you!
The acid dragon claws you but does no damage.
You hit the acid dragon.
The acid dragon is lightly wounded.
The acid dragon bites you.
The acid dragon claws you but does no damage.
You hit the acid dragon but do no damage.
The acid dragon is lightly wounded.
You block the acid dragon's attack. The acid dragon closely misses you.
You hit the acid dragon.
The acid dragon is moderately wounded.
The acid dragon spits acid at you. The splash of acid hits you!!
The acid corrodes you!
You are too injured to fight recklessly!
You are too injured to fight recklessly!
The acid dragon attacks as you move away!
The acid dragon closely misses you. The acid dragon claws you.
The acid dragon attacks as you move away!
The acid dragon bites you! You block the acid dragon's attack.
The acid dragon spits acid at you. The splash of acid hits you.
* * * LOW HITPOINT WARNING * * *
The acid corrodes you! The acid dragon spits acid at you.
The splash of acid hits you!!
* * * LOW HITPOINT WARNING * * *
The acid corrodes you!
You closely miss the acid dragon.
The acid dragon is moderately wounded.
The acid dragon bites you!
You die...
Your body crumbles into a pile of gold.

$ #.........## ## #..........#
... #........#.######... ##+###
#........#....[..... ##.....
#........#.......... ...>...
#..#'#...#.......... .......
#..+∩+...#..........
...<...######..#'#...#..........
.......'......D@.....#..........
....$..#######.......#..........
....... #########..........
....... #.......... .......
#.......... ###.... #..........
#.### ............ #.
.....####### .....


You could see an acid dragon (catching breath).

Vanquished Creatures
  A water moccasin (D:5)
  An ice beast (D:5)
  2 phantoms
  3 kobold brigands
  A gnoll sergeant (D:5)
  4 scorpions
  4 wights (D:5)
  A jelly (D:4)
  7 hounds
  5 iguanas
  Terence (D:2)
  7 gnolls
  10 adders
  4 river rats (Sewer)
  A white imp (D:4)
  An ufetubus (D:4)
  2 worms
  A dart slug (D:1)
  4 orcs
  9 ball pythons
  5 endoplasms
  6 giant cockroaches
  7 goblins
  6 hobgoblins
  3 jackals (D:4)
  2 quokkas
  3 bats
  7 frilled lizards
  21 kobolds
  10 rats
139 creatures vanquished.

Vanquished Creatures (others)
  12 plants
12 creatures vanquished.

Grand Total: 151 creatures vanquished

Notes
Turn   | Place    | Note
-------+----------+-------------------------------------------
     0 | D:1      | GorkyZ the Gargoyle Fighter began the quest for the Orb.
     0 | D:1      | Reached XP level 1. HP: 14/14 MP: 1/1
   429 | D:1      | Reached XP level 2. HP: 18/19 MP: 2/2
  1313 | D:2      | Reached XP level 3. HP: 23/23 MP: 3/3
  1336 | D:2      | Found a faded altar of an unknown god.
  1647 | D:2      | Noticed Terence
  1653 | D:2      | Killed Terence
  1654 | D:2      | Reached skill level 1 in Throwing
  1932 | D:2      | Found a shimmering altar of Xom.
  1937 | D:2      | Reached XP level 4. HP: 28/28 MP: 4/4
  2050 | D:3      | Found Abbas's Weapon Emporium.
  2083 | D:3      | Bought 5 poisoned darts for 22 gold pieces
  2114 | D:3      | Found Qyntuxyi's General Store.
  2288 | D:3      | Found Uzytu's Book Shop.
  2486 | D:3      | Reached skill level 1 in Evocations
  2546 | D:3      | Found a glowing drain.
  2559 | Sewer    | Entered a sewer
  2562 | Sewer    | Noticed a kobold brigand
  2566 | Sewer    | Reached XP level 5. HP: 33/33 MP: 5/5
  2585 | Sewer    | Killed a kobold brigand
  2758 | Sewer    | Reached XP level 6. HP: 38/38 MP: 6/6
  2904 | Sewer    | Gained mutation: You have sharp fingernails. [potion of
                  | mutation]
  2904 | Sewer    | Gained mutation: You are partially covered in iridescent
                  | scales. (AC +2) [potion of mutation]
  2905 | Sewer    | Lost mutation: You have sharp fingernails. [potion of
                  | mutation]
  2905 | Sewer    | Lost mutation: You are partially covered in iridescent
                  | scales. (AC +2) [potion of mutation]
  2905 | Sewer    | Gained mutation: You have hidden genetic defects. [potion
                  | of mutation]
  2905 | Sewer    | Gained mutation: Your spells are a little harder to cast,
                  | but a little more powerful. [potion of mutation]
  2905 | Sewer    | Gained mutation: Your natural rate of healing is unusually
                  | fast. [potion of mutation]
  3249 | D:4      | Found a shadowy altar of Dithmenos.
  3314 | D:4      | Found a glowing silver altar of Zin.
  3315 | D:4      | Gained mutation: You are frail. (-10% HP) [hidden defects]
  3386 | D:4      | Found a radiant altar of Vehumet.
  3391 | D:4      | Found a white marble altar of Elyvilon.
  3468 | D:4      | Found a burning altar of Makhleb.
  3539 | D:4      | Gained mutation: You occasionally shout uncontrollably at
                  | your foes. [hidden defects]
  3539 | D:4      | Lost mutation: You have hidden genetic defects. [hidden
                  | defects expressed]
  3656 | D:4      | Reached XP level 7. HP: 30/39 MP: 7/7
  3743 | D:4      | Found an ancient bone altar of Kikubaaqudgha.
  3992 | D:4      | Found a shimmering altar of Xom.
  4061 | D:4      | Found a sacrificial altar of Ru.
  4230 | D:5      | Entered Level 5 of the Dungeon
  4298 | D:5      | Found Soerr's Book Shop.
  4322 | D:5      | Found an iron altar of Okawaru.
  4376 | D:5      | Found an opulent altar of Gozag.
  4438 | D:5      | Reached XP level 8. HP: 35/43 MP: 8/8
  4447 | D:5      | Reached skill level 5 in Fighting
  4489 | D:5      | Became a worshipper of Gozag Ym Sagoz the Greedy
  4550 | D:5      | Reached skill level 5 in Armour
  4550 | D:5      | Reached skill level 5 in Shields
  4558 | D:5      | Reached skill level 5 in Axes
  5240 | D:6      | Found Ammuips's Armour Emporium.
  5245 | D:6      | Found a stormy altar of Qazlal.
  5251 | D:6      | Found a blossoming altar of Fedhas.
  5274 | D:6      | Found Ogiowiapacw's Distillery.
  5289 | D:6      | Reached XP level 9. HP: 48/48 MP: 9/9
  5300 | D:6      | Identified the +11 sling "Qour" {venom, Will+ Dex+2}
  5372 | D:6      | Found Jysupt's Distillery.
  5375 | D:6      | Bought a potion of curing for 33 gold pieces
  5375 | D:6      | Bought a potion of curing for 33 gold pieces
  5375 | D:6      | Bought a potion of curing for 33 gold pieces
  5402 | D:6      | Slain by an acid dragon

Illustrated notes

Levels and vault maps discovered:
D:1:      erik_arrival_blinker_ship, layout_basic, roderic_serpentine_path
D:2:      layout_basic, hellmonk_ecumenical_altar_crossroads, basic_altar,
          uniq_terence
D:3:      layout_rooms, gup_sewer_entry_bubbles, serial_shops, shop, shop,
          nicolae_lakefront_shop, grunt_ministairs_1
D:4:      layout_basic, mainiacjoe_overflow_brackets, overflow_temple_1_default,
          marbit_many_paths, nicolae_dithmenos_the_darkroom, minitemple,
          lemuel_doored_altar, nicolae_kikubaaqudgha_miasma_corner,
          serial_bayou_pond_e, kennysheep_generic_room_12
D:5:      layout_basic, old_standard_altar, kennysheep_mini_moat, serial_shops,
          nicolae_diamond_shop, minmay_misc_feat_plants
D:6:      layout_basic, grunt_temple_overflow_forces_of_nature,
          mainiacjoe_overflow_24_doors, nicolae_ossuary_entry_false_entrances,
          serial_shops, shop_statue, nicolae_shop_behind_doors, shop

Skill      XL: |  1  2  3  4  5  6  7  8 |
---------------+-------------------------+-----
Axes           | 2 3 4 5 |  5.8
Throwing       | 1 2 3 |  3.7
Evocations     | 1 2 3 |  3.6
Fighting       | 4 5 |  5.7
Shields        | 4 5 |  5.6
Armour         | 4 5 |  5.6

Action                   |  1- 3 |  4- 6 |  7- 9 || total
-------------------------+-------+-------+-------++-------
Melee: War axe           |    74 |       |       ||    74
       Hand axe          |     6 |   239 |   273 ||   518
  Use: Scroll            |       |     9 |       ||     9
       Potion            |       |     2 |       ||     2
Armor: Scale mail        |    36 |       |       ||    36
       Chain mail        |     3 |   131 |   141 ||   275
Dodge: Dodged            |    35 |    72 |    98 ||   205
Block: Buckler           |    21 |    47 |    64 ||   132
